 Dungeon Crawl Stone Soup version 0.31-a0-1511-g961fd35ebc (webtiles) character file.

Game seed: 15752762906199194372

66208 James the Stormcaller (level 15, -5/86 HPs)
             Began as a Tengu Air Elementalist on Dec 30, 2023.
             Was a High Priest of Vehumet.
             Slain by Erica
             ... wielding a +0 scimitar of flaming
              (21 damage)
             ... on level 1 of the Lair of Beasts.
             The game lasted 01:47:40 (30123 turns).

James the Stormcaller (Tengu Air Elementalist)     Turns: 30123, Time: 01:47:41

Health: -5/86      AC:  9    Str: 11    XL:     15   Next: 19%
Magic:  24/31      EV: 15    Int: 21    God:    Vehumet [*****.]
Gold:   1032       SH:  5    Dex: 14    Spells: 11/36 levels left

rFire   . . .        b - +6 trident (drain)
rCold   . . .        M - +0 buckler
rNeg    + . .        e - +0 steam dragon scales
rPois   .            (helmet restricted)
rElec   .            d - +0 cloak
rCorr   .            E - +0 pair of gloves
SInv    .            (boots unavailable)
Will    ++...        (no amulet)
Stlth   ++           X - ring of willpower
HPRegen 0.34/turn    w - ring of positive energy
MPRegen 0.22/turn

%: acrobat
@: flying, constricted
A: beak, talons 3, evasive flight, acrobatic
a: Renounce Religion


You were on level 1 of the Lair of Beasts.
You worshipped Vehumet.
Vehumet was extremely pleased with you.
You visited 3 branches of the dungeon, and saw 17 of its levels.
You also visited: Bailey.

You collected 1032 gold pieces.

Inventory:

Hand Weapons
 a - a +3 vampiric dagger {!w}
   (You took it off an orc on level 3 of the Dungeon)
 b - a +6 trident of draining (weapon)
   (You took it off Jeremiah on level 8 of the Dungeon)
 n - a +0 sling
   (You found it on level 1 of the Dungeon)
 x - a +4 trident of holy wrath
   (You took it off a gnoll sergeant on level 9 of the Dungeon)
Missiles
 j - 6 datura-tipped darts
 A - 3 curare-tipped darts {!f}
 F - 56 poisoned darts
 J - 19 boomerangs
 S - 6 javelins
Armour
 d - a +0 cloak (worn)
   (You took it off Maurice on level 9 of the Dungeon)
 e - +0 steam dragon scales (worn)
   (You found it on level 9 of the Dungeon)
 l - the +1 scale mail of Winter {rElec rCorr}
   (You found it on level 5 of the Lair of Beasts)

   rElec:     It insulates you from electricity.
   rCorr:     It protects you from acid and corrosion.
 u - a +2 robe of fire resistance
   (You took it off an orc wizard on level 8 of the Dungeon)
 E - a +0 pair of gloves (worn)
   (You found it on level 11 of the Dungeon)
 M - a +0 buckler (worn)
   (You took it off a gnoll sergeant on level 8 of the Dungeon)
 R - a +0 kite shield
   (You found it on level 11 of the Dungeon)
 U - an orb of energy
   (You found it on level 10 of the Dungeon)
 Y - a +2 robe of cold resistance
   (You found it on level 5 of the Lair of Beasts)
Magical Staves
 c - a staff of alchemy
   (You found it on level 6 of the Dungeon)
 t - a staff of conjuration {!a}
   (You took it off an orc wizard on level 8 of the Dungeon)
 W - a staff of death
   (You took it off an orc on level 3 of the Dungeon)
Jewellery
 w - a ring of positive energy (right hand)
   (You found it on level 6 of the Dungeon)
 X - a ring of willpower (left hand)
   (You found it on level 3 of the Dungeon)
Wands
 f - a wand of light (6)
   (You took it off Maurice on level 9 of the Dungeon)
 i - a wand of mindburst (11)
   (You found it on level 11 of the Dungeon)
 v - a wand of digging (5)
   (You found it on level 10 of the Dungeon)
 L - a wand of charming (5)
   (You found it on level 3 of the Lair of Beasts)
Scrolls
 g - 2 scrolls of blinking
 h - a scroll of poison {!r}
 s - a scroll of revelation
 y - 2 scrolls of identify {@r1}
 D - 3 scrolls of teleportation {@r4}
 H - 2 scrolls of fog
 N - a scroll of vulnerability {!r}
 O - a scroll of butterflies
 Q - a scroll of acquirement
 V - 2 scrolls of silence
 Z - 4 scrolls of amnesia
Potions
 k - a potion of lignification {!q}
 m - 4 potions of haste {@q3}
 o - 4 potions of heal wounds {@q2}
 p - 3 potions of ambrosia
 q - 4 potions of magic
 r - 4 potions of invisibility
 z - 4 potions of might
 B - 7 potions of curing {@q1}
 C - 8 potions of mutation {!q}
 G - 3 potions of berserk rage
 I - 3 potions of cancellation
 K - 3 potions of enlightenment
 P - 2 potions of brilliance
Miscellaneous
 T - a phial of floods
   (You found it on level 1 of the Lair of Beasts)


   Skills:
 + Level 7.3 Fighting
 + Level 11.2 Polearms
 - Level 7.0 Armour
 - Level 7.0 Dodging
 - Level 2.0 Stealth
 - Level 6.0 Shields
 - Level 11.0 Spellcasting
 - Level 11.0 Conjurations
 - Level 2.0 Translocations
 + Level 9.5 Fire Magic
 - Level 15.0 Air Magic


You had 11 spell levels left.
You knew the following spells:

 Your Spells              Type           Power      Damage    Failure   Level
a - Shock                 Conj/Air       100%       1d9       1%          1
b - Airstrike             Air            32%        2d(5-21)  1%          4
c - Mercury Vapours       Alch/Air       86%        N/A       1%          2
d - Static Discharge      Conj/Air       100%       3-8/arc   1%          2
e - Plasma Beam           Fire/Air       29%        2x1d41    2%          6
f - Mephitic Cloud        Conj/Alch/Air  47%        N/A       1%          3
s - Swiftness             Air            65%        N/A       1%          3
x - Iskenderun's Mystic   Conj/Tloc      38%        2d9       1%          4

Your spell library contained the following spells:

 Spells                   Type           Power      Damage    Failure   Level
 Bombard                  Conj/Erth      17%        9d3       30%         6
 Scorch                   Fire           100%       2d9       1%          2
 Hailstorm                Conj/Ice       34%        3d8       1%          3
 Stone Arrow              Conj/Erth      68%        3d11      1%          3
 Flame Wave               Conj/Fire      53%        2d13      1%          4
 Fireball                 Conj/Fire      26%        3d12      1%          5
 Iskenderun's Battlesphe  Conj           55%        2d11      1%          5
 Conjure Ball Lightning   Conj/Air       30%        3x3d10    1%          6
 Freeze                   Ice            44%        1d6       2%          1
 Sandblast                Erth           22%        2d7       2%          1
 Brom's Barrelling Bould  Conj/Erth      34%        2d5       2%          4
 Frozen Ramparts          Ice            22%        1d4       7%          3
 Slow                     Hex            44%        N/A       8%          1
 Gell's Gravitas          Tloc           19%        N/A       11%         3
 Teleport Other           Tloc           19%        N/A       11%         3
 Summon Blazeheart Golem  Fire/Summ      31%        N/A       11%         4
 Ensorcelled Hibernation  Hex/Ice        22%        N/A       12%         2
 Orb of Destruction       Conj           27%        9d9       19%         7
 Confusing Touch          Hex            11%        N/A       24%         3
 Fugue of the Fallen      Necr           11%        N/A       24%         3
 Passwall                 Erth           11%        N/A       24%         3
 Sigil of Binding         Hex            11%        N/A       24%         3
 Tukima's Dance           Hex            11%        N/A       24%         3
 Vampiric Draining        Necr           11%        2d6       24%         3
 Passage of Golubria      Tloc           19%        N/A       34%         4
 Yara's Violent Unravell  Hex/Alch       5%         3d4       45%         5
 Anguish                  Hex/Necr       5%         N/A       61%         4
 Animate Armour           Summ/Erth      22%        N/A       61%         4
 Summon Forest            Summ/Tloc      7%         N/A       82%         5
 Spellforged Servitor     Conj/Summ      17%        N/A       83%         7
 Eringya's Noxious Bog    Alch           5%         4d6       94%         6
 Dispersal                Tloc           9%         N/A       99%         6
 Summon Cactus Giant      Summ           5%         N/A       100%        6
 Summon Hydra             Summ           5%         N/A       100%        7
 Lehudib's Crystal Spear  Conj/Erth      17%        10d5      100%        8


Dungeon Overview and Level Annotations

Branches:
Dungeon (11/15)            Temple (1/1) D:6            Lair (5/5) D:10
  Swamp (0/4) Lair:2        Snake (0/4) Lair:3        Slime (0/5) Lair:5
    Orc (0/2) D:11         Bailey (visited)

Altars:
Ashenzari
Cheibriados
Dithmenos
Elyvilon
Fedhas
Gozag
Hepliaklqana
Kikubaaqudgha
Makhleb
Nemelex Xobeh
Okawaru
Qazlal
Ru
Sif Muna
Trog
Uskayaw
Vehumet
Wu Jian
Xom
Yredelemnul
Zin
The Shining One
Jiyva

Annotations:
Lair:1 Erica


Innate Abilities, Weirdness & Mutations

You have a beak for a mouth.
You have claws for feet.
Your magical flight helps you evade attacks. (EV +4)
You can magically evade attacks while moving or waiting.


Message History

You peck the boulder beetle, but do no damage.
The boulder beetle is struck by an arc of lightning.
Erica is struck by an arc of lightning!
The boulder beetle is struck by an arc of lightning!
Erica is struck by an arc of lightning.
The boulder beetle is struck by an arc of lightning.
The lightning grounds out.
Erica screams, "Hurry, death AWAITS you!"
Erica mumbles some strange words.
Erica flickers and vanishes!
Deactivating autopickup; reactivate with Ctrl-A.
You block the boulder beetle's attack.
The boulder beetle is struck by an arc of lightning.
Something is struck by an arc of lightning.
The boulder beetle is struck by an arc of lightning.
You are struck by an arc of lightning.
The lightning grounds out.
The boulder beetle bites you!
* * * LOW HITPOINT WARNING * * *
The boulder beetle is struck by an arc of lightning.
Something is struck by an arc of lightning!
The boulder beetle is struck by an arc of lightning.
Something is struck by an arc of lightning.
The boulder beetle is struck by an arc of lightning.
The lightning grounds out.
The boulder beetle leaps!
Unknown command.
The boulder beetle leaps!
Something hits you!
* * * LOW HITPOINT WARNING * * *
Something burns you.
* * * LOW HITPOINT WARNING * * *
You block something's attack.
Something is struck by an arc of lightning!
You are struck by an arc of lightning.
* * * LOW HITPOINT WARNING * * *
Something is struck by an arc of lightning!
You are struck by an arc of lightning.
* * * LOW HITPOINT WARNING * * *
The lightning grounds out.
Something hits you!
* * * LOW HITPOINT WARNING * * *
Something burns you.
* * * LOW HITPOINT WARNING * * *
Something grabs you.
You are constricted.
* * * LOW HITPOINT WARNING * * *
You feel much better. Something barely misses you.
You are constricted.
* * * LOW HITPOINT WARNING * * *
Unknown command.
Erica's grasp on you weakens, but your attempt to escape fails.
Something hits you!!
You die...

##..##########.##...
#P.## ###..#.## ##.#
#####.#.#..# #.#
#..........# #.#
#..##.....## #.# #..
##.#.##### #.#
#..##.........
#.####...#..#...###
#.@................
####.#......#######
#.. .........#####
##.# ...#......#.##
#..# #....##..#..#..
##.# ##.#.##....#...
#..###....#.#.#..#..
##>#....#.....#...?.
#.#..#.####....(...


There were no monsters in sight!

Vanquished Creatures
  Gastronok (Lair:1)
  5 hydras
  A catoblepas (Lair:3)
  2 two-headed ogres (D:9)
  3 death yaks
  Urug (D:10)
  4 skysharks
  2 lindwurms (Lair:5)
  Pikel (D:4)
  A bog body (Lair:2)
  Maurice (D:9)
  2 oklob plants (Lair:5)
  2 ugly things
  2 cyclopes (D:11)
  6 black mambas
  Joseph (D:7)
  A guardian serpent (Lair:3)
  13 elephants
  10 cane toads
  A gargoyle (D:10)
  A torpor snail (Lair:5)
  10 komodo dragons
  3 rime drakes
  Jeremiah (D:8)
  Psyche (D:8)
  5 trolls
  A polar bear (Lair:5)
  2 hornets (Lair:5)
  14 blink frogs
  2 dream sheep (Lair:5)
  A slime creature (Lair:4)
  Eustachio (D:6)
  A wraith (D:9)
  2 shadows
  32 yaks
  8 basilisks
  6 wyverns
  3 steam dragons
  Grum (D:8)
  A swamp worm (Lair:2)
  Duvessa (D:7)
  10 water moccasins
  8 orc warriors
  2 sky beasts
  2 black bears (D:8)
  5 centaurs
  43 wolves
  2 lemures
  A phantom (D:5)
  12 bullfrogs
  3 kobold brigands (D:9)
  3 gnoll sergeants
  12 wights
  3 scorpions (D:6)
  Dowan (D:7)
  12 killer bees
  4 howler monkeys
  6 electric eels
  A bombardier beetle (D:6)
  3 quasits
  A hound (D:7)
  13 jellies
  11 orc priests
  An iguana (D:7)
  21 orc wizards
  A hell rat (Lair:5)
  A mummy (D:10)
  Robin (D:4)
  10 gnolls
  10 adders
  2 shadow imps
  A white imp (D:8)
  4 ufetubi
  A dart slug (D:2)
  2 ribbon worms
  57 orcs
  14 bats
  18 endoplasms
  A giant cockroach (D:2)
  20 goblins
  11 hobgoblins
  10 jackals
  3 quokkas
  6 ball pythons
  14 kobolds
  4 rats
528 creatures vanquished.

Notes
Turn   | Place    | Note
-------+----------+-------------------------------------------
     0 | D:1      | James the Tengu Air Elementalist began the quest for the
                  | Orb.
     0 | D:1      | Reached XP level 1. HP: 10/10 MP: 4/4
   196 | D:1      | Reached XP level 2. HP: 10/15 MP: 1/6
   392 | D:1      | Learned a level 2 spell: Static Discharge
  1126 | D:2      | Reached XP level 3. HP: 19/19 MP: 5/7
  1811 | D:3      | Reached XP level 4. HP: 22/24 MP: 0/9
  2066 | D:3      | You fall into a shaft and drop 3 floors!
  2074 | D:6      | Found a shimmering blue altar of Sif Muna.
  2139 | D:6      | Reached XP level 5. HP: 10/28 MP: 7/11
  2248 | D:6      | Found a shimmering altar of Xom.
  2279 | D:6      | Noticed Eustachio
  2292 | D:6      | Found a staircase to the Ecumenical Temple.
  2297 | Temple   | Entered the Ecumenical Temple
  2322 | D:6      | Learned a level 3 spell: Swiftness
  2331 | D:5      | Entered Level 5 of the Dungeon
  2339 | D:5      | Reached skill level 1 in Fighting
  2461 | D:4      | Learned a level 4 spell: Airstrike
  2482 | D:4      | Noticed Pikel
  2482 | D:4      | Noticed a lemure
  2482 | D:4      | Noticed a lemure
  2482 | D:4      | Noticed a lemure
  2482 | D:4      | Noticed a lemure
  2495 | D:5      | Killed a lemure
  2693 | D:4      | Found an opulent altar of Gozag.
  2767 | D:4      | Found a stormy altar of Qazlal.
  2767 | D:4      | Noticed a sky beast
  2876 | D:5      | Reached XP level 6. HP: 19/35 MP: 3/13
  3156 | D:5      | Reached skill level 5 in Conjurations
  3156 | D:5      | Reached skill level 5 in Air Magic
  3945 | D:4      | Gained mutation: Your magical flight helps you evade
                  | attacks. (EV +4) [Tengu growth]
  3945 | D:4      | Reached XP level 7. HP: 23/40 MP: 5/14
  4074 | D:4      | Reached skill level 6 in Air Magic
  4175 | D:3      | Found an iron altar of Okawaru.
  4668 | D:3      | Found a burning altar of Makhleb.
  5343 | D:4      | Noticed Robin
  5590 | D:4      | Killed Robin
  5883 | D:6      | Found a hazy altar of Hepliaklqana.
  6114 | D:6      | Found a white marble altar of Elyvilon.
  6679 | D:6      | Reached skill level 7 in Air Magic
  6679 | D:6      | Reached XP level 8. HP: 38/44 MP: 12/16
  6843 | D:7      | Noticed Duvessa
  6843 | D:7      | Noticed Dowan
  6882 | D:6      | Killed Eustachio
  6883 | D:6      | Reached skill level 5 in Spellcasting
  7019 | D:7      | Reached skill level 8 in Air Magic
  7226 | D:7      | Reached skill level 9 in Air Magic
  7326 | D:7      | Found a faded altar of an unknown god.
  7326 | D:7      | Found a radiant altar of Vehumet.
  7331 | D:7      | Found a sacrificial altar of Ru.
  7334 | D:7      | Became a worshipper of Vehumet
  7337 | D:7      | Found an ornate altar of the Wu Jian Council.
  7339 | D:7      | Found a bloodstained altar of Trog.
  7666 | D:7      | HP: 2/44 [/static electricity (3)]
  7667 | D:7      | Reached skill level 10 in Air Magic
  7969 | D:7      | Reached XP level 9. HP: 44/48 MP: 13/19
  8049 | D:7      | Found a shadowy altar of Dithmenos.
  8055 | D:7      | Noticed Joseph
  8186 | D:7      | Killed Joseph
  8614 | D:7      | HP: 2/48 [gnoll sergeant/+0 trident (14)]
  9027 | D:7      | Killed Duvessa
  9055 | D:7      | Killed Dowan
  9056 | D:7      | Reached skill level 1 in Armour
  9495 | D:4      | Killed Pikel
  9733 | D:4      | Found a stormy altar of Qazlal.
  9759 | D:4      | Found an opulent altar of Gozag.
 10300 | D:8      | Noticed Psyche
 10304 | D:8      | Killed Psyche
 10305 | D:8      | Reached skill level 11 in Air Magic
 10305 | D:8      | Reached XP level 10. HP: 56/56 MP: 14/23
 10639 | D:8      | Identified a scroll of acquirement
 11019 | D:8      | Reached * piety under Vehumet
 11019 | D:8      | Offered knowledge of Sting by Vehumet.
 11067 | D:7      | Reached skill level 12 in Air Magic
 11718 | D:8      | HP: 2/56 [gnoll sergeant/+2 antimagic spear (4)]
 11728 | D:8      | Noticed Grum
 11875 | D:8      | Killed Grum
 11946 | D:7      | Reached skill level 13 in Air Magic
 12244 | D:8      | Noticed Jeremiah
 12821 | D:8      | Found a basalt altar of Yredelemnul.
 12936 | D:8      | Killed Jeremiah
 12936 | D:8      | Offered knowledge of Scorch by Vehumet.
 12937 | D:8      | Reached skill level 14 in Air Magic
 12992 | D:8      | Found a basalt altar of Yredelemnul.
 13471 | D:9      | Noticed a two-headed ogre
 13489 | D:9      | Found a flagged portal.
 13507 | D:9      | Reached ** piety under Vehumet
 13529 | Bailey   | Entered a bailey
 14387 | D:9      | Noticed Maurice
 14392 | D:9      | Killed Maurice
 14601 | D:9      | Reached skill level 15 in Air Magic
 14601 | D:9      | Reached XP level 11. HP: 61/61 MP: 12/24
 15283 | D:9      | Offered knowledge of Mercury Vapours by Vehumet.
 15289 | D:8      | Learned a level 2 spell: Mercury Vapours
 15711 | D:9      | Killed a two-headed ogre
 16249 | D:9      | Noticed a two-headed ogre
 16282 | D:9      | Killed a two-headed ogre
 16282 | D:9      | Reached *** piety under Vehumet
 16293 | D:9      | Reached skill level 10 in Spellcasting
 16418 | D:9      | Noticed a white ugly thing
 16616 | D:9      | Killed a white ugly thing
 16974 | D:9      | Reached skill level 5 in Armour
 16974 | D:9      | Reached skill level 5 in Dodging
 17366 | D:10     | Entered Level 10 of the Dungeon
 17455 | D:10     | Offered knowledge of Iskenderun's Mystic Blast by Vehumet.
 17479 | D:9      | Learned a level 4 spell: Iskenderun's Mystic Blast
 17496 | D:10     | Noticed Urug
 17501 | D:10     | Killed Urug
 17502 | D:10     | Reached skill level 1 in Translocations
 17937 | D:10     | Reached **** piety under Vehumet
 18021 | D:10     | Offered knowledge of Mephitic Cloud by Vehumet.
 18026 | D:10     | Learned a level 3 spell: Mephitic Cloud
 18135 | D:10     | Found a staircase to the Lair.
 18252 | D:10     | Found a snail-covered altar of Cheibriados.
 18716 | D:11     | Noticed a cyclops
 18719 | D:11     | Killed a cyclops
 18720 | D:11     | Reached skill level 5 in Fighting
 18720 | D:11     | Reached XP level 12. HP: 68/68 MP: 19/27
 18970 | D:11     | Found a staircase to the Orcish Mines.
 20113 | Lair:1   | Entered Level 1 of the Lair of Beasts
 20338 | Lair:1   | Noticed Gastronok
 20455 | Lair:1   | Noticed Erica
 20455 | Lair:1   | Noticed a boulder beetle
 21190 | Lair:1   | Reached skill level 10 in Conjurations
 21190 | Lair:1   | Reached skill level 1 in Shields
 22263 | Lair:2   | Reached XP level 13. HP: 74/74 MP: 28/28
 22903 | Lair:2   | Reached ***** piety under Vehumet
 22939 | Lair:2   | Offered knowledge of Plasma Beam by Vehumet.
 22988 | Lair:2   | Learned a level 6 spell: Plasma Beam
 23076 | Lair:2   | Reached skill level 5 in Shields
 23468 | Lair:2   | Found a staircase to the Swamp.
 23599 | Lair:3   | Found a staircase to the Snake Pit.
 23607 | Lair:3   | Reached XP level 14. HP: 42/80 MP: 14/29
 23977 | Lair:2   | Reached skill level 10 in Polearms
 24025 | Lair:2   | Reached skill level 1 in Fire Magic
 25025 | Lair:3   | Reached skill level 5 in Fire Magic
 26718 | Lair:5   | Entered Level 5 of the Lair of Beasts
 27178 | Lair:5   | Offered knowledge of Bombard by Vehumet.
 27721 | Lair:5   | Found a viscous altar of Jiyva.
 27773 | Lair:5   | Found a staircase to the Slime Pits.
 28701 | Lair:4   | Reached XP level 15. HP: 49/84 MP: 17/31
 29535 | Lair:5   | Identified the +1 scale mail of Winter {rElec rCorr}
 29842 | Lair:1   | Killed Gastronok
 30121 | Lair:1   | HP: 2/86 [something (3)]
 30123 | Lair:1   | Slain by Erica

Illustrated notes

Levels and vault maps discovered:
D:1:      ncdulo_lavacross, layout_rooms, kennysheep_small_spiral,
          minmay_misc_feat_ornament, kennysheep_pointless_box
D:2:      layout_basic
D:3:      corexii_shack_village, layout_basic, marbit_many_paths,
          mainiacjoe_overflow_small_starburst
D:4:      layout_gridville, nicolae_qazlal_beasts_of_the_sky,
          mainiacjoe_overflow_six_doors_small, uniq_robin, uniq_pikel
D:5:      layout_basic, minmay_stone_trees_small
D:6:      old_forge, layout_rooms, mainiacjoe_overflow_alcove_1,
          lemuel_coloured_pillars_altar, mainiacjoe_overflow_24_doors,
          lemuel_blue_sif_altar, minmay_temple_entry_statues_pillars,
          uniq_eustachio
D:7:      layout_basic, grunt_dithmenos_smoke_and_mirrors,
          chequers_temple_overflow_minitemple, uniq_duvessa, uniq_joseph
D:8:      minmay_skewed_foursquare, layout_rooms, lemuel_round_altar,
          serial_demonic, serial_demonic_d, serial_demonic_b, serial_demonic_f,
          serial_demonic_g, uniq_grum, uniq_psyche, uniq_jeremiah
D:9:      kennysheep_windowed_halls, layout_cross, enter_bailey_3, st_stairs_5,
          minmay_misc_feat_chi, uniq_maurice
D:10:     layout_loops_ring, slow_altar_1, erik_lair_orcish_takeover, uniq_urug
D:11:     layout_loops_corners, orc_0_dummy
Temple:   nicolae_temple_superstar
Lair:1:   layout_loops_ring, serial_bayou, serial_bayou_shore_b,
          serial_bayou_pond_c, serial_bayou_lagoon_a, serial_bayou_lake_a,
          minivault_24, grunt_forest_small_clearing_treed, lemuel_fruit_tree,
          uniq_gastronok, uniq_erica
Lair:2:   layout_chaotic_city, nicolae_swamp_entry_splash_gauntlet,
          st_stairs_13, serial_bayou_shore_b, infiniplex_staircase_pool
Lair:3:   layout_gridlike, minmay_snake_entry_spellcaster, st_stairs_8
Lair:4:   lemuel_slime, layout_loops_ring
Lair:5:   hangedman_lair_in_review, layout_regular_city,
          minmay_slime_entry_oklob_open, ldierk_geyser, grunt_megastairs_4

Skill      XL: |  1  2  3  4  5  6  7  8  9 10 11 12 13 14 15 |
---------------+----------------------------------------------+-----
Conjurations   | 2 3 4 5 7 10 11 | 11.0
Spellcasting   | 3 4 6 8 10 11 | 11.0
Fighting       | 2 3 4 5 6 7 |  7.3
Air Magic      | 5 7 10 11 15 | 15.0
Armour         | 4 6 7 |  7.0
Dodging        | 4 6 7 |  7.0
Translocations | 2 |  2.0
Shields        | 3 5 6 |  6.0
Polearms       | 8 9 10 11 | 11.2
Fire Magic     | 8 9 |  9.5
Stealth        | |  2.0

Action                     |  1- 3 |  4- 6 |  7- 9 | 10-12 | 13-15 || total
---------------------------+-------+-------+-------+-------+-------++-------
  Melee: Short sword       |    18 |    12 |       |       |       ||    30
         Kick              |     3 |     2 |    26 |    75 |   130 ||   236
         Punch             |     1 |       |     2 |     2 |       ||     5
         Peck              |     6 |     2 |    17 |    44 |    84 ||   153
         Dagger            |       |     9 |   101 |   178 |       ||   288
         Trident           |       |       |       |     2 |   400 ||   402
   Cast: Shock             |    62 |    39 |   124 |    25 |     2 ||   252
         Static Discharge  |     4 |    24 |    45 |    66 |    52 ||   191
         Swiftness         |       |     1 |       |     1 |       ||     2
         Airstrike         |       |       |    22 |   233 |   136 ||   391
         Iskenderun's Myst |       |       |       |     8 |    24 ||    32
         Plasma Beam       |       |       |       |       |    16 ||    16
         Mephitic Cloud    |       |       |       |       |     2 ||     2
    Use: Scroll            |       |       |       |    24 |     5 ||    29
         Potion            |       |       |       |     2 |     1 ||     3
   Stab: Sleeping          |     1 |       |     3 |     8 |     1 ||    13
 Armour: Robe              |    19 |    61 |    99 |    59 |       ||   238
         Leather armour    |       |       |    45 |    45 |       ||    90
         Steam dragon scal |       |       |       |   132 |   254 ||   386
  Dodge: Dodged            |    17 |    30 |   168 |   254 |   316 ||   785
  Block: Buckler           |       |       |       |    31 |    88 ||   119

Table legend: (Time is in decaauts)
 A = Elapsed time spent in this place.
 B = Non-inter-level travel time spent in this place.
 C = Inter-level travel time spent in this place.
 D = Time resting spent in this place.
 E = Time spent auto-exploring this place.
 F = Levels seen in this place.
 G = Mean time per level.
                   A        B        C        D        E       F      G
               +--------+--------+--------+--------+--------+-----+--------+
         Total |  30171 |  28563 |   1608 |  10402 |  10949 |  18 | 1676.2 |
       Dungeon |  19782 |  18527 |   1255 |   6926 |   6710 |  11 | 1798.4 |
        Temple |      1 |      1 |      0 |      0 |      0 |   1 |    1.0 |
          Lair |   9564 |   9211 |    353 |   2994 |   4239 |   5 | 1912.8 |
        Bailey |    822 |    822 |      0 |    482 |      0 |   1 |  822.0 |
               +--------+--------+--------+--------+--------+-----+--------+

Top non-repeatable levels by time:
     D:7: 3731 daAuts
     D:9: 3048 daAuts
  Lair:5: 2163 daAuts
     D:4: 1974 daAuts
  Lair:1: 1943 daAuts
  Lair:2: 1936 daAuts
     D:8: 1910 daAuts
  Lair:4: 1844 daAuts
     D:6: 1789 daAuts
  Lair:3: 1677 daAuts
    D:10: 1566 daAuts
     D:3: 1413 daAuts
    D:11: 1352 daAuts
     D:5: 1201 daAuts
     D:1: 1057 daAuts
